 Dungeon Crawl Stone Soup version 0.28-a0-1190-g77e1c55843 (webtiles) character file.

Game seed: 282753475453934012

2833 bearlyready the Tainter (level 9, 0/70 HPs)
             Began as a Black Draconian Venom Mage on Dec 19, 2021.
             Engulfed by a steam dragon's steam (4 damage)
             ... on level 7 of the Dungeon.
             The game lasted 00:20:08 (8473 turns).

bearlyready the Tainter (DrVM)                      Turns: 8473, Time: 00:20:09

Health: 0/70       AC: 11    Str: 11    XL:     9   Next: 45%
Magic:  7/12       EV: 12    Int: 19    God:
Gold:   290        SH:  0    Dex: 12    Spells: 4/12 levels left

rFire   . . .      SeeInvis .   i - +4 spear
rCold   . . .      Faith    .   (no shield)
rNeg    . . .      Spirit   .   (armour unavailable)
rPois   .          Reflect  .   (helmet restricted)
rElec   +          Harm     .   (no cloak)
rCorr   .          Rampage  .   (no gloves)
Will    .....                   (no boots)
Stlth   ++........              (no amulet)
HPRegen 0.21/turn               q - +4 ring of protection
MPRegen 0.13/turn               C - ring of wizardry

@: radiating poison
A: breathe lightning, AC +7, unfitting armour, electricity resistance,
cold-blooded
a: Breathe Lightning


You were on level 7 of the Dungeon.
You visited 1 branch of the dungeon, and saw 7 of its levels.

You collected 290 gold pieces.

Inventory:

Hand Weapons
 c - a +2 rapier of flaming
 f - a +3 war axe of freezing
 i - a +4 spear (weapon)
 r - a +0 dagger
 w - a +2 dagger of speed
 x - a +0 spear of venom
 y - a +0 whip of pain
Missiles
 p - 33 poisoned darts
 B - 10 boomerangs
 D - a throwing net
Magical Staves
 b - a staff of death
Jewellery
 q - a +4 ring of protection (left hand)
 C - a ring of wizardry (right hand)
Wands
 o - a wand of flame (5)
Scrolls
 a - 3 scrolls of amnesia
 d - a scroll of vulnerability {unknown}
 g - 4 scrolls of identify
 j - 2 scrolls of enchant armour
 k - 3 scrolls of immolation
 m - a scroll of fear {unknown}
 s - a scroll of teleportation {unknown}
 t - a scroll of torment {unknown}
 u - a scroll of enchant weapon {unknown}
 v - a scroll of magic mapping {unknown}
 z - a scroll of acquirement {unknown}
 A - a scroll of fog {unknown}
Potions
 l - a potion of magic


   Skills:
 + Level 3.5 Fighting
 - Level 1.7 Dodging
 - Level 1.7 Stealth
 - Level 2.0 Spellcasting
 - Level 4.1 Conjurations
 - Level 1.0 Transmutations
 - Level 2.1 Air Magic
 - Level 12.0 Poison Magic


You had 4 spell levels left.
You knew the following spells:

 Your Spells              Type           Power      Damage    Failure   Level
a - Sting                 Tmut/Pois      100%       1d8       1%          1
b - Olgreb's Toxic Radia  Pois           47%        N/A       1%          4
c - Mephitic Cloud        Conj/Pois/Air  25%        N/A       1%          3

Your spell library contained the following spells:

 Spells                   Type           Power      Damage    Failure   Level
 Poisonous Vapours        Pois/Air       56%        N/A       1%          2


Dungeon Overview and Level Annotations

Branches:
Dungeon (7/15)             Temple (0/1) D:7

Altars:
Trog

Shops:
D:1 *(

Annotations:
D:6 4 runed translucent doors


Innate Abilities, Weirdness & Mutations

You can breathe wild blasts of lightning.
Your glossy black scales are hard. (AC +7)
You cannot fit into any form of body armour.
You are resistant to electric shocks. (rElec)
You are cold-blooded and may be slowed by cold attacks.


Message History

You hear a shout! x3
You are engulfed in a cloud of scalding steam.
* * * LOW HITPOINT WARNING * * *
You feel better. The steam dragon bites you.
* * * LOW HITPOINT WARNING * * *
The steam dragon claws you but does no damage.
The ogre is engulfed in a cloud of scalding steam.
Aiming: Charm
Press: ? - help, Shift-Dir - straight line, f/p - steam dragon
Aim: a steam dragon (moderately wounded, poisoned, chance to affect: 46%)
The steam dragon resists with some effort.
The steam dragon bites you but does no damage.
The steam dragon claws you but does no damage.
Aiming: Charm
Press: ? - help, Shift-Dir - straight line, f/p - steam dragon
Aim: a steam dragon (moderately wounded, poisoned, chance to affect: 46%)
The steam dragon resists with some effort.
The now-empty wand crumbles to dust.
A gnoll shaman comes into view.
It is wielding a +0 whip and carrying a wand of iceblast (10).
The steam dragon closely misses you.
The steam dragon claws you but does no damage.
Aiming: Corrosive Bolt
Press: ? - help, Shift-Dir - straight line, f/p - steam dragon
Aim: a steam dragon (heavily wounded, poisoned, 71% to hit)
The bolt of acid hits the steam dragon!
The steam dragon is severely wounded.
The bolt of acid misses the ogre.
The now-empty wand crumbles to dust.
The steam dragon bites you but does no damage.
The steam dragon closely misses you. The steam dragon breathes steam at you.
The ball of steam hits you!
* * * LOW HITPOINT WARNING * * *
You hear a shout! x2
Okay, then.
Casting: Sting (safe; 1% risk of failure)
Confirm with . or Enter, or press ? or * to list all spells.
You begin to radiate toxic energy.
The ogre is poisoned.
The steam dragon looks even sicker.
The gnoll shaman is poisoned.
You are engulfed in a cloud of scalding steam.
You die...

#..... ##....O #......
#....# #...... ..#.#
#......#### #...#
#......g.# #...#
#..!##§#.##########...#
#..#.§.#OD§§§.....#...#
#.......###@§.###.#...#
#.##.##.# #§§§#
#.#...## # #. #.# #...#
#.#....####
#.##.###...#
#.#.......#
#.#........#
#....>.##.##
#.#........#
###....##...
#.#........# #....##<..
#.#......### #######...
#......# #....


You could see a steam dragon (very poisoned), an ogre (poisoned) and a gnoll
shaman (poisoned).

Vanquished Creatures
  A two-headed ogre (D:6)
  A water moccasin (D:6)
  An orc warrior (D:5)
  A necrophage (D:6)
  A black bear (D:5)
  2 ogres
  A centaur (D:6)
  A phantom (D:6)
  2 kobold brigands
  4 scorpions
  10 wights
  3 howler monkeys
  A bullfrog zombie (D:6)
  2 centaur zombies (D:4)
  2 hounds (D:5)
  A jelly (D:4)
  2 centaur skeletons
  A bullfrog skeleton (D:6)
  An iguana (D:6)
  3 orc wizards
  A hound skeleton (D:4)
  A howler monkey zombie (D:6)
  11 gnolls
  4 adders
  A white imp (D:5)
  3 worms
  2 dart slugs
  9 orcs
  6 bats
  6 endoplasms
  3 giant cockroaches
  4 goblins
  3 hobgoblins
  3 jackals (D:3)
  3 quokkas
  6 ball pythons
  2 frilled lizards (D:3)
  14 kobolds
  9 rats
132 creatures vanquished.

Notes
Turn   | Place    | Note
-------+----------+-------------------------------------------
     0 | D:1      | bearlyready the Draconian Venom Mage began the quest for
                  | the Orb.
     0 | D:1      | Reached XP level 1. HP: 14/14 MP: 3/3
    14 | D:1      | Found Karah's Antique Weapon Boutique.
   375 | D:1      | Reached XP level 2. HP: 18/20 MP: 5/5
   677 | D:1      | Found Baczoe Luik's General Store.
  1020 | D:1      | Found a faded altar of an unknown god.
  1299 | D:1      | Reached skill level 4 in Poison Magic
  1668 | D:2      | Reached XP level 3. HP: 24/26 MP: 4/6
  2519 | D:3      | Reached skill level 5 in Poison Magic
  2519 | D:3      | Reached XP level 4. HP: 28/33 MP: 2/7
  2550 | D:3      | Learned a level 4 spell: Olgreb's Toxic Radiance
  3137 | D:3      | Found a bloodstained altar of Trog.
  3308 | D:4      | Noticed an ogre
  3328 | D:4      | Killed an ogre
  3329 | D:4      | Reached skill level 6 in Poison Magic
  3329 | D:4      | Reached XP level 5. HP: 37/38 MP: 3/8
  3860 | D:4      | Reached XP level 6. HP: 41/45 MP: 9/9
  3901 | D:4      | Reached skill level 7 in Poison Magic
  4383 | D:5      | Entered Level 5 of the Dungeon
  4483 | D:5      | Reached skill level 8 in Poison Magic
  4582 | D:5      | Your scales start taking on a glossy black colour.
  4582 | D:5      | Reached XP level 7. HP: 44/50 MP: 5/10
  4582 | D:5      | Gained mutation: You are resistant to electric shocks.
                  | (rElec) [Black Draconian growth]
  4727 | D:5      | Learned a level 3 spell: Mephitic Cloud
  4771 | D:5      | Reached skill level 1 in Air Magic
  5184 | D:5      | Reached skill level 9 in Poison Magic
  5255 | D:5      | Reached XP level 8. HP: 43/57 MP: 4/11
  5367 | D:6      | Reached skill level 10 in Poison Magic
  5906 | D:5      | HP: 2/56 [bounced beam (8)]
  5912 | D:5      | HP: 2/54 [wight (7)]
  5919 | D:5      | Reached skill level 11 in Poison Magic
  6726 | D:6      | Found a large runed translucent door.
  6726 | D:6      | Found a large runed translucent door.
  6750 | D:6      | Reached skill level 1 in Conjurations
  7166 | D:6      | Found a large runed translucent door.
  7166 | D:6      | Found a large runed translucent door.
  7200 | D:6      | Noticed a two-headed ogre
  7360 | D:6      | Reached XP level 9. HP: 30/63 MP: 8/12
  7608 | D:6      | Killed a two-headed ogre
  7877 | D:6      | Reached skill level 12 in Poison Magic
  8390 | D:7      | Found a staircase to the Ecumenical Temple.
  8473 | D:7      | Engulfed by a steam dragon's steam

Illustrated notes

Levels and vault maps discovered:
D:1:      mainiacjoe_arrival_reflecting_pool, layout_basic, serial_shops, shop,
          nicolae_square_shop, shapermc_ecumenical_altar_mp_vishouse
D:2:      layout_loops_cross
D:3:      layout_basic, trog_antimagical
D:4:      layout_gridville, grunt_decor_arrowhead, minivault_11
D:5:      layout_gridville
D:6:      layout_rooms, minmay_hollow_rounded_squares
D:7:      kennysheep_big_flooded_room, layout_basic, temple_statues,
          minmay_three_doors

Skill      XL: |  1  2  3  4  5  6  7  8  9 |
---------------+----------------------------+-----
Poison Magic   | 4 5 6 8 9 11 12 | 12.0
Air Magic      | 2 |  2.1
Conjurations   | 2 4 |  4.1
Fighting       | 3 |  3.5
Dodging        | |  1.7
Stealth        | |  1.7
Spellcasting   | |  2.0
Transmutations | |  1.0

Action                   |  1- 3 |  4- 6 |  7- 9 || total
-------------------------+-------+-------+-------++-------
Melee: Unarmed           |    13 |       |       ||    13
       Staff             |    66 |    51 |       ||   117
       Tailslap          |    11 |     8 |    34 ||    53
       Rapier            |       |    45 |    53 ||    98
       Spear             |       |       |   166 ||   166
 Cast: Sting             |    31 |    48 |     5 ||    84
       Olgreb's Toxic Ra |       |     3 |    18 ||    21
       Mephitic Cloud    |       |       |     1 ||     1
 Abil: Breathe Lightning |       |       |     4 ||     4
Evoke: Wand              |       |       |    12 ||    12
  Use: Scroll            |       |     2 |     2 ||     4
       Potion            |       |       |    10 ||    10
 Stab: Sleeping          |     2 |     1 |     5 ||     8
Armor: Skin              |    19 |    79 |    99 ||   197
Dodge: Dodged            |    66 |    97 |   163 ||   326

Table legend: (Time is in decaauts)
 A = Elapsed time spent in this place.
 B = Non-inter-level travel time spent in this place.
 C = Inter-level travel time spent in this place.
 D = Time resting spent in this place.
 E = Time spent auto-exploring this place.
 F = Levels seen in this place.
 G = Mean time per level.
                   A        B        C        D        E       F      G
               +--------+--------+--------+--------+--------+-----+--------+
         Total |   8541 |   8344 |    197 |   1633 |   5164 |   7 | 1220.1 |
       Dungeon |   8541 |   8344 |    197 |   1633 |   5164 |   7 | 1220.1 |
               +--------+--------+--------+--------+--------+-----+--------+

Top non-repeatable levels by time:
     D:5: 1986 daAuts
     D:6: 1813 daAuts
     D:1: 1600 daAuts
     D:4: 1193 daAuts
     D:3: 1041 daAuts
     D:2: 702 daAuts
     D:7: 204 daAuts
